 Dungeon Crawl Stone Soup version 0.22.1-1-ga44c0e56f4 (webtiles) character file.

66 iwhft the Magician (level 3, 0/19 HPs)
             Began as a Deep Elf Air Elementalist on Oct 10, 2018.
             Succumbed to an adder's poison
             ... on level 3 of the Dungeon.
             The game lasted 00:10:53 (1893 turns).

iwhft the Magician (Deep Elf Air Elementalist)      Turns: 1893, Time: 00:10:54

Health: 0/19       AC:  3    Str:  5    XL:     3   Next: 96%
Magic:  9/10       EV: 13    Int: 20    God:
Gold:   57         SH:  0    Dex: 15    Spells: 9/10 levels left

rFire    . . .     SeeInvis .   (no weapon)
rCold    + . .     Gourm    .   (no shield)
rNeg     . . .     Faith    .   g - +0 robe
rPois    .         Spirit   .   (no helmet)
rElec    .         Reflect  .   (no cloak)
rCorr    .         Harm     .   (no gloves)
MR       +++..                  h - +0 pair of boots
Stlth    ++........             (no amulet)
HPRegen  0.06/turn              (no ring)
MPRegen  0.12/turn              (no ring)

@: lethally poisoned (0 -> -3)
A: cold resistance 1, magic resistance 3
a: no special abilities


You were on level 3 of the Dungeon.
You were not hungry.

You visited 1 branch of the dungeon, and saw 3 of its levels.

You collected 57 gold pieces.

Inventory:

Armour
 g - a +0 robe (worn)
 h - a +0 pair of boots (worn)
Scrolls
 e - a scroll of remove curse
 f - a scroll of random uselessness
Comestibles
 c - 2 rations


   Skills:
 + Level 2.5 Dodging
 + Level 2.7 Stealth
 + Level 0.1 Unarmed Combat
 + Level 4.1 Spellcasting
 + Level 1.8 Conjurations
 + Level 3.8 Air Magic


You had 9 spell levels left.
You knew the following spells:

 Your Spells              Type           Power        Failure   Level  Hunger
a - Shock                 Conj/Air       ###.         4%          1    None

Your spell library contained the following spells:

 Spells                   Type           Power        Failure   Level  Hunger
 Swiftness                Chrm/Air       ##......     9%          2    #......
 Static Discharge         Conj/Air       ###.....     12%         3    ###....
 Airstrike                Air            ###.......   26%         4    ####...
 Lightning Bolt           Conj/Air       ###.......   73%         5    ######.


Dungeon Overview and Level Annotations

Branches:
Dungeon (3/15)

Altars:


Innate Abilities, Weirdness & Mutations

Your flesh is cold resistant. (rC+)
You are extremely resistant to the effects of hostile enchantments. (MR+++)


Message History

You cannot move.
You cannot move.
You cannot move.
You cannot move.
There is a lethal amount of poison in your body!
There is a lethal amount of poison in your body!
Your magical contamination has completely faded away.
* * * LOW HITPOINT WARNING * * *
You feel sick.
* * * LOW HITPOINT WARNING * * *
You feel sick.
Your transformation is almost over.
* * * LOW HITPOINT WARNING * * *
You feel sick.
* * * LOW HITPOINT WARNING * * *
You feel sick.
You feel less wooden.
Your +0 pair of boots unmelds from your body.
Your +0 robe unmelds from your body.
You die...

### ### #.# #.#
#.# #.# #.# #.#
#.###.#####.# #.#
#.#.).......# #.#
#.....#####.# #.#
#.........#.# #.#
##....###.#.###.#
##.#.......)..@#
#..........####
########...#
#...# #.#.# ..#.#
#..#.# #..#.# ###
......


There were no monsters in sight!

Vanquished Creatures
  2 adders
  3 worms
  A dart slug (D:1)
  A leopard gecko (D:1)
  A giant cockroach (D:2)
  8 goblins
  4 hobgoblins
  9 kobolds
  A quokka (D:2)
  3 bats
  5 rats
38 creatures vanquished.

Vanquished Creatures (others)
  A hobgoblin (D:1)
1 creature vanquished.

Grand Total: 39 creatures vanquished

Notes
Turn   | Place    | Note
-------+----------+-------------------------------------------
     0 | D:1      | iwhft the Deep Elf Air Elementalist began the quest for the
                  | Orb.
     0 | D:1      | Reached XP level 1. HP: 10/10 MP: 6/6
   210 | D:1      | Reached XP level 2. HP: 15/15 MP: 0/8
   863 | D:1      | Gained mutation: You have sharp toenails. [potion of
                  | mutation]
   863 | D:1      | Gained mutation: You are somewhat resistant to further
                  | mutation. [potion of mutation]
  1166 | D:2      | Reached XP level 3. HP: 19/19 MP: 0/10
  1350 | D:2      | Lost mutation: You are somewhat resistant to further
                  | mutation. [potion of mutation]
  1350 | D:2      | Lost mutation: You have sharp toenails. [potion of
                  | mutation]
  1350 | D:2      | Gained mutation: Your flesh is cold resistant. (rC+)
                  | [potion of mutation]
  1350 | D:2      | Gained mutation: You are resistant to hostile enchantments.
                  | (MR+) [potion of mutation]
  1350 | D:2      | Gained mutation: You are highly resistant to hostile
                  | enchantments. (MR++) [potion of mutation]
  1350 | D:2      | Gained mutation: You are extremely resistant to the effects
                  | of hostile enchantments. (MR+++) [potion of mutation]
  1750 | D:2      | Reached skill level 4 in Spellcasting
  1889 | D:3      | HP: 1/28 [poisoned by an adder]
  1893 | D:3      | Succumbed to an adder's poison

Skill      XL: |  1  2  3 |
---------------+----------+-----
Spellcasting   | 4 |  4.1
Dodging        | |  2.5
Stealth        | |  2.7
Unarmed Combat | |  0.1
Conjurations   | |  1.8
Air Magic      | |  3.8

Action                   || total
-------------------------++-------
Melee: Unarmed           ||    16
 Cast: Shock             ||    91
  Use: Potion            ||     7
       Scroll            ||     5
  Eat: Ration            ||     1
Armor: Robe              ||     5
       Skin              ||     4
Dodge: Dodged            ||    25
